 Dungeon Crawl Stone Soup version 0.19.1 (webtiles) character file.

159 lolipop the Charlatan (level 5, -1/29 HPs)
             Began as a Deep Elf Artificer on Dec 26, 2016.
             Slain by a gnoll sergeant
             ... wielding a +0 spear
              (11 damage)
             ... on level 3 of the Dungeon.
             The game lasted 00:31:55 (5315 turns).

lolipop the Charlatan (Deep Elf Artificer)          Turns: 5315, Time: 00:31:56

Health: -1/29      AC:  6    Str:  9    XL:     5   Next: 17%
Magic:  10/10      EV: 11    Int: 16    God:
Gold:   120        SH:  0    Dex: 16    Spells: 0 memorised, 4 levels left

rFire  . . .     SeeInvis .     a - +0 short sword
rCold  . . .     Gourm    .     o - +0 ring mail
rNeg   . . .     Faith    .     (no shield)
rPois  .         Spirit   .     b - +0 helmet
rElec  .         Reflect  .     (no cloak)
rCorr  .         Harm     .     (no gloves)
MR     .....                    (no boots)
Stlth  +.........               (no amulet)
                                (no ring)
                                (no ring)

@: no status effects
A: no striking features
a: no special abilities


You were on level 3 of the Dungeon.
You were not hungry.

You visited 1 branch of the dungeon, and saw 3 of its levels.

You collected 120 gold pieces.

Inventory:

Hand Weapons
 a - a +0 short sword (weapon)
 f - a +0 club
 g - a +0 club
 i - a +0 spear
 j - a +0 spear
 k - a +0 hunting sling
 n - a +0 spear
 q - a +0 falchion
 s - a cursed -1 spear
 u - a +0 mace
 w - a +0 mace
 B - a +0 dagger of protection
 E - a +0 dagger
 J - a +0 hand axe
Missiles
 r - 141 stones (quivered)
 D - 3 curare-tipped needles
 F - 27 bolts
 I - 17 sling bullets
 K - 21 arrows
Armour
 b - a +0 helmet (worn)
 o - a +0 ring mail (worn)
 y - a +0 leather armour
 z - a +0 ring mail
Jewellery
 v - an uncursed ring of flight {unknown}
Wands
 c - a wand of flame (14/48)
 d - a wand of enslavement (11/24)
 e - a wand of random effects (12/48)
 H - a wand of random effects (21/48)
Scrolls
 h - 6 scrolls of remove curse
 p - a scroll of teleportation
 x - a scroll of amnesia
Potions
 l - a potion of lignification
 t - a potion of curing
 C - 2 potions of flight {unknown}
 G - a potion of cancellation {unknown}
Comestibles
 m - a bread ration


   Skills:
 + Level 1.1 Fighting
 + Level 3.0 Short Blades
 + Level 0.4 Throwing
 + Level 1.8 Armour
 + Level 2.8 Dodging
 + Level 2.0 Stealth
 + Level 4.0 Evocations


You had 4 spell levels left.
You didn't know any spells.

Dungeon Overview and Level Annotations

Branches:
Dungeon (3/15)

Altars:


Message History

Aim: a gnoll sergeant, wielding a spear, wearing a ring mail and wearing a buckler The puff of flame hits the gnoll sergeant.
The gnoll sergeant appears unharmed.
This wand has 15 charges left.
Evoke which item? (* to show all) (? for menu, Esc to quit)
Zapping:
c - a wand of flame (15/48)
Press: ? - help, Shift-Dir - straight line, f/p - gnoll sergeant
Aim: a gnoll sergeant, wielding a spear, wearing a ring mail and wearing a buckler The gnoll sergeant blocks the puff of flame.
This wand has 14 charges left.
The gnoll sergeant hits you with a spear.
You hit the gnoll sergeant but do no damage.
The gnoll sergeant hits you with a spear!
The gnoll sergeant hits you from afar with a spear!
* * * LOW HITPOINT WARNING * * *
The gnoll sergeant misses you.
Number of times to repeat, then command key: You must enter the number of times for the command to repeat.
There is a stone staircase leading up here.
The gnoll sergeant hits you from afar with a spear!
You die...

...#.......#..###.##..#..'.......
...#.........## #.#...#..#.......
............#####.#...####..#####
.........)...#..............# ###
...........#...#............###..
####.......##....................
................g............###.
............###..............# #.
[...........# #.@............# #.
.......ggg..# #..............###.
......g#.#..# ##............#....
..#....#.##.# #...............###
..##...#.##..##..........####.#
....g..#.##......####....# ..#
.....gg#.....#...# ##.#.....##
..........##..>### .........
................ ........##


You could see a gnoll sergeant.

Vanquished Creatures
  7 gnolls (D:3)
  2 adders (D:2)
  An ooze (D:2)
  A worm (D:2)
  2 dart slugs
  2 leopard geckos
  An orc (D:3)
  5 ball pythons (D:1)
  7 bats
  2 giant cockroaches
  11 goblins
  6 hobgoblins
  4 jackals (D:1)
  12 frilled lizards
  7 kobolds
  4 rats
  4 plants (D:1)
78 creatures vanquished.

Notes
Turn   | Place    | Note
-------+----------+-------------------------------------------
     0 | D:1      | lolipop the Deep Elf Artificer began the quest for the Orb.
     0 | D:1      | Reached XP level 1. HP: 11/11 MP: 5/5
   751 | D:1      | Reached XP level 2. HP: 6/16 MP: 6/6
  1000 | D:1      | Reached skill level 4 in Evocations
  2508 | D:1      | Reached XP level 3. HP: 20/20 MP: 8/8
  2803 | D:2      | Reached skill level 1 in Fighting
  2803 | D:2      | Reached skill level 1 in Armour
  3312 | D:2      | Reached XP level 4. HP: 3/25 MP: 9/9
  3315 | D:2      | HP: 1/25 [poisoned by an adder]
  4845 | D:3      | Reached XP level 5. HP: 26/29 MP: 10/10
  5315 | D:3      | Slain by a gnoll sergeant

Skill      XL: |  1  2  3  4  5 |
---------------+----------------+-----
Evocations     | 4 |  4.0
Fighting       | 1 |  1.1
Armour         | 1 |  1.8
Short Blades   | 2 3 |  3.0
Stealth        | 2 |  2.0
Throwing       | |  0.4
Dodging        | |  2.8

Action                   |  1- 3 |  4- 6 || total
-------------------------+-------+-------++-------
Melee: Short sword       |   496 |    68 ||   564
Throw: Stone             |    30 |    14 ||    44
Evoke: Wand              |       |    22 ||    22
  Use: Scroll            |     6 |     2 ||     8
       Potion            |       |     2 ||     2
 Stab: Distracted        |     1 |       ||     1
  Eat: Chunk             |     4 |     2 ||     6
       Bread ration      |     1 |       ||     1
       Meat ration       |       |     1 ||     1
Armor: Leather armour    |    32 |       ||    32
       Ring mail         |    30 |    29 ||    59
Dodge: Dodged            |   115 |    35 ||   150
